 Dungeon Crawl Stone Soup version 0.23.2 (webtiles) character file.

Game seed: 11702082058990612719

684673 Peloso the Minotaur Barricade (level 27, -3/300 HPs)
             Began as a Minotaur Fighter on Apr 2, 2019.
             Was a High Priest of Okawaru.
             Slain by an azure jelly (38 damage)
             ... on level 10 of a ziggurat on Apr 4, 2019.
             The game lasted 05:26:39 (93464 turns).

Peloso the Minotaur Barricade (Minotaur Fighter)   Turns: 93464, Time: 05:26:40

Health: -3/300     AC: 37    Str: 38      XL:     27
Magic:  1/31       EV: 12    Int:  0 (3)  God:    Okawaru [*****.]
Gold:   7128       SH: 23    Dex: 21      Spells: 30/30 levels left

rFire    . . .     SeeInvis +   d - +6 falchion of Yjiac {slice, rC- rN+++ Dex+3}
rCold    . . .     Gourm    .   M - +2 shield {reflect}
rNeg     + + +     Faith    +   t - +2 crystal plate armour
rPois    +         Spirit   .   U - +2 hat "Hypycim" {*Drain rCorr Slay+2 SInv}
rElec    +         Reflect  +   h - +2 cloak {rPois}
rCorr    +         Harm     .   P - +0 pair of fencer's gloves {Riposte Dex+3}
MR       +++..                  T - +2 pair of boots of the Assassin {Detection Stab+ Stlth++}
Stlth    ..........             a - amulet "Yvuov" {Faith Str+4 SInv}
HPRegen  0.60/turn              K - ring "Cih Cedd" {rElec MR+ SInv}
MPRegen  0.22/turn              N - ring "Pois" {+Fly rPois rC+ Str+5 Int-2}

@: corroded, slowed, lost intelligence, studying Necromancy, very slow
A: retaliatory headbutt, horns 2, robust 1, sturdy frame 1
}: 4/15 runes: decaying, slimy, silver, gossamer
a: Heroism, Finesse, Renounce Religion, Evoke Flight


You were on level 10 of a ziggurat.
You worshipped Okawaru.
Okawaru was extremely pleased with you.
You were not hungry.

You visited 11 branches of the dungeon, and saw 54 of its levels.
You visited the Abyss 3 times.
You visited 1 ziggurat, and saw 10 of its levels.
You also visited: Trove and Ice Cave.

You collected 8306 gold pieces.
You spent 1178 gold pieces at shops.

Inventory:

Hand Weapons
 b - the +4 scimitar "Goblinbane" {flame, rElec rC+ rN+ Stlth+}
   (You bought it in a shop on level 1 of the Orcish Mines)

   It has been specially enchanted to burn those struck by it, causing extra
   injury to most foes and up to half again as much damage against particularly
   susceptible opponents.
   Big, fiery blades are also staple armaments of hydra-hunters.
   It protects you from cold.
   It insulates you from electricity.
   It protects you from negative energy.
   It makes you more stealthy.
 d - the +6 falchion of Yjiac (weapon) {slice, rC- rN+++ Dex+3}
   (Okawaru gifted it to you on level 1 of the Spider Nest)

   It inflicts extra damage upon your enemies.
   It affects your dexterity (+3).
   It makes you vulnerable to cold.
   It renders you almost immune to negative energy.
 l - the +10 scimitar of Laxziny {slice, rN+ MR+++ Dex-3}
   (Okawaru gifted it to you on level 1 of the Vaults)

   It inflicts extra damage upon your enemies.
   It affects your dexterity (-3).
   It protects you from negative energy.
   It affects your resistance to hostile enchantments.
Armour
 h - a +2 cloak of poison resistance (worn)
 t - a +2 crystal plate armour (worn)
 B - the +3 large shield of Forking Paths {rPois rF- MR+ Int+2}
   (You found it on level 3 of the Swamp)

   It affects your intelligence (+2).
   It makes you vulnerable to fire.
   It protects you from poison.
   It affects your resistance to hostile enchantments.
 L - a +2 pair of boots of flying
 M - a +2 shield of reflection (worn)
 P - the +0 pair of fencer's gloves (worn) {Riposte Dex+3}
   (Okawaru gifted it to you on level 3 of the Depths)

   It affects your dexterity (+3).
 T - the +2 pair of boots of the Assassin (worn) {Detection Stab+ Stlth++}
   (You found it on level 3 of the Elven Halls)

   It makes you much more stealthy.
 U - the +2 hat "Hypycim" (worn) {*Drain rCorr Slay+2 SInv}
   (Okawaru gifted it to you on level 6 of the Lair of Beasts)

   It affects your accuracy and damage with ranged weapons and melee attacks
   (+2).
   It lets you see invisible.
   It provides partial protection from all sources of acid and corrosion.
   It causes draining when unequipped.
Jewellery
 a - the amulet "Yvuov" (around neck) {Faith Str+4 SInv}
   (You acquired it on level 1 of the Lair of Beasts)

   [amulet of faith]

   It allows you to gain divine favour quickly.
   It affects your strength (+4).
   It lets you see invisible.
 g - the ring "Waahytuc" {rN+++ Str+4 Dex+6 Stlth-}
   (You found it in a treasure trove)

   [ring of strength]

   It affects your strength (+4).
   It affects your dexterity (+6).
   It renders you almost immune to negative energy.
   It makes you less stealthy.
 j - the ring of the Forgotten Allies {Fire -Tele rPois Slay+2 SInv}
   (You took it off a rakshasa on level 4 of the Depths)

   [ring of fire]

   It enhances your fire magic.
   It affects your accuracy and damage with ranged weapons and melee attacks
   (+2).
   It protects you from fire.
   It makes you vulnerable to cold.
   It protects you from poison.
   It lets you see invisible.
   It prevents most forms of teleportation.
 A - the ring of Miracles {rCorr +Fly rF+ rN+ Int+4}
   (You found it on level 6 of a ziggurat)

   [ring of resist corrosion]

   It affects your intelligence (+4).
   It protects you from fire.
   It protects you from negative energy.
   It lets you fly.
 F - the ring "Omozeer" {+Inv rC+ Str+4 Dex+4}
   (You took it off a deep elf demonologist on level 3 of the Elven Halls)

   [ring of strength]

   It affects your strength (+4).
   It affects your dexterity (+4).
   It protects you from cold.
   It lets you turn invisible.
 G - an uncursed ring of wizardry
 K - the ring "Cih Cedd" (left hand) {rElec MR+ SInv}
   (You found it in a treasure trove)

   [ring of protection from magic]

   It insulates you from electricity.
   It affects your resistance to hostile enchantments.
   It lets you see invisible.
 N - the ring "Pois" (right hand) {+Fly rPois rC+ Str+5 Int-2}
   (You found it in a treasure trove)

   [ring of flight]

   It affects your strength (+5).
   It affects your intelligence (-2).
   It protects you from cold.
   It protects you from poison.
   It lets you fly.
Wands
 m - a wand of random effects (15)
 p - a wand of polymorph (9)
 y - a wand of digging (9)
Scrolls
 c - a scroll of enchant weapon
 e - a scroll of summoning
 n - 10 scrolls of magic mapping
 r - 9 scrolls of teleportation
 u - 32 scrolls of remove curse
 E - a scroll of silence
 I - 5 scrolls of fear
 J - 10 scrolls of identify
 O - 2 scrolls of amnesia
Potions
 i - 2 potions of flight
 k - 12 potions of curing
 o - 6 potions of agility
 s - 3 potions of haste
 x - 7 potions of might
 C - 3 potions of berserk rage
 D - 5 potions of mutation
Books
 v - a manual of Necromancy
Miscellaneous
 q - 3 boxes of beasts
 w - a lamp of fire
 H - a sack of spiders
 R - a lamp of fire
Comestibles
 f - 80 rations


   Skills:
 O Level 27 Fighting
 O Level 27 Long Blades
   Level 2.2 Axes
 + Level 3.4 Throwing
 O Level 27 Armour
 + Level 4.5 Dodging
 + Level 5.3 Stealth
 O Level 27 Shields
 + Level 3.6 Unarmed Combat
 + Level 2.2 Spellcasting
 + Level 1.5 Necromancy
 + Level 12.7 Invocations
 + Level 4.5 Evocations


You had 30 spell levels left.
You didn't know any spells.
Your spell library contained the following spells:

 Spells                   Type           Power        Failure   Level  Hunger
 Animate Skeleton         Necr           N/A          67%         1    ##.....
 Pain                     Necr           #...         67%         1    ##.....
 Corpse Rot               Necr           N/A          82%         2    ###....
 Sublimation of Blood     Necr           #.........   82%         2    ###....
 Apportation              Tloc           #.....       88%         1    ##.....
 Confusing Touch          Hex            #.....       88%         1    ##.....
 Corona                   Hex            #......      88%         1    ##.....
 Infusion                 Chrm           #...         88%         1    ##.....
 Magic Dart               Conj           #...         88%         1    ##.....
 Sandblast                Erth           #.....       88%         1    ##.....
 Summon Butterflies       Summ           #.......     88%         1    ##.....
 Summon Small Mammal      Summ           #...         88%         1    ##.....
 Blink                    Tloc           N/A          95%         2    ###....
 Call Imp                 Summ           #.......     95%         2    ###....
 Ensorcelled Hibernation  Hex/Ice        #.....       95%         2    ###....
 Passwall                 Tmut/Erth      #.......     95%         2    ###....
 Searing Ray              Conj           #.....       95%         2    ###....
 Shroud of Golubria       Chrm/Tloc      #.........   95%         2    ###....
 Slow                     Hex            #.......     95%         2    ###....
 Song of Slaying          Chrm           #.......     95%         2    ###....
 Throw Flame              Conj/Fire      #.....       95%         2    ###....
 Vampiric Draining        Necr           #.........   96%         3    ####...
 Regeneration             Chrm/Necr      #.........   98%         3    ####...
 Call Canine Familiar     Summ           #.......     99%         3    ####...
 Confuse                  Hex            #.......     99%         3    ####...
 Conjure Flame            Conj/Fire      #.......     99%         3    ####...
 Dazzling Spray           Conj/Hex       #.....       99%         3    ####...
 Gell's Gravitas          Tloc           #.........   99%         3    ####...
 Ignite Poison            Fire/Tmut/Pois #.......     99%         3    ####...
 Inner Flame              Hex/Fire       #.......     99%         3    ####...
 Mephitic Cloud           Conj/Pois/Air  #.......     99%         3    ####...
 Portal Projectile        Hex/Tloc       #.....       99%         3    ####...
 Recall                   Summ/Tloc      N/A          99%         3    ####...
 Spectral Weapon          Hex/Chrm       #.......     99%         3    ####...
 Stone Arrow              Conj/Erth      #.....       99%         3    ####...
 Tukima's Dance           Hex            #.......     99%         3    ####...
 Animate Dead             Necr           N/A          100%        4    #####..
 Cause Fear               Hex            #.........   100%        4    #####..
 Force Lance              Conj/Tloc      #.......     100%        4    #####..
 Fulminant Prism          Conj/Hex       #.........   100%        4    #####..
 Ice Form                 Ice/Tmut       #.......     100%        4    #####..
 Iskenderun's Mystic Bla  Conj           #.......     100%        4    #####..
 Leda's Liquefaction      Hex/Erth       #.........   100%        4    #####..
 Passage of Golubria      Tloc           N/A          100%        4    #####..
 Petrify                  Tmut/Erth      #.......     100%        4    #####..
 Summon Ice Beast         Ice/Summ       #.......     100%        4    #####..
 Alistair's Intoxication  Tmut/Pois      #.......     100%        5    ######.
 Bolt of Draining         Conj/Necr      #.........   100%        5    ######.
 Bolt of Magma            Conj/Fire/Erth #.........   100%        5    ######.
 Borgnjor's Vile Clutch   Necr/Erth      #.........   100%        5    ######.
 Fireball                 Conj/Fire      #.........   100%        5    ######.
 Irradiate                Conj/Tmut      #.........   100%        5    ######.
 Iskenderun's Battlesphe  Conj/Chrm      #.......     100%        5    ######.
 Lee's Rapid Deconstruct  Erth           #.........   100%        5    ######.
 Metabolic Englaciation   Hex/Ice        #.........   100%        5    ######.
 Silence                  Hex/Air        #.........   100%        5    ######.
 Summon Forest            Summ/Tloc      #.........   100%        5    ######.
 Summon Mana Viper        Hex/Summ       #.......     100%        5    ######.
 Venom Bolt               Conj/Pois      #.........   100%        5    ######.
 Yara's Violent Unravell  Hex/Tmut       #.........   100%        5    ######.
 Bolt of Cold             Conj/Ice       #.........   100%        6    #######
 Bolt of Fire             Conj/Fire      #.........   100%        6    #######
 Death Channel            Necr           #.........   100%        6    #######
 Deflect Missiles         Chrm/Air       #.........   100%        6    #######
 Dispersal                Tloc           #.........   100%        6    #######
 Freezing Cloud           Conj/Ice/Air   #.........   100%        6    #######
 Hydra Form               Tmut           #.........   100%        6    #######
 Iron Shot                Conj/Erth      #.........   100%        6    #######
 Ozocubu's Refrigeration  Ice            #.........   100%        6    #######
 Simulacrum               Ice/Necr       #.........   100%        6    #######
 Statue Form              Tmut/Erth      #........    100%        6    #######
 Dragon Form              Tmut           #.........   100%        7    #######
 Haunt                    Necr/Summ      #.........   100%        7    #######
 Malign Gateway           Summ/Tloc      #.........   100%        7    #######
 Monstrous Menagerie      Summ           #.........   100%        7    #######
 Orb of Destruction       Conj           #.........   100%        7    #######
 Ring of Flames           Chrm/Fire      #.........   100%        7    #######
 Spellforged Servitor     Conj/Summ      #.........   100%        7    #######
 Summon Greater Demon     Summ           #.........   100%        7    #######
 Summon Hydra             Summ           #.........   100%        7    #######
 Borgnjor's Revivificati  Necr           #.........   100%        8    #######
 Controlled Blink         Tloc           N/A          100%        8    #######
 Death's Door             Chrm/Necr      #.........   100%        8    #######
 Discord                  Hex            #.........   100%        8    #######
 Disjunction              Tloc           #.........   100%        8    #######
 Ignition                 Fire           #.........   100%        8    #######
 Infestation              Necr           #.........   100%        8    #######
 Necromutation            Tmut/Necr      #.........   100%        8    #######
 Summon Horrible Things   Summ           #.........   100%        8    #######


Dungeon Overview and Level Annotations

Branches:
Dungeon (15/15)            Temple (0/1) D:6            Lair (6/6) D:11
  Swamp (4/4) Lair:2       Spider (4/4) Lair:4        Slime (5/5) Lair:6
    Orc (2/2) D:11            Elf (3/3) Orc:2        Vaults (5/5) D:13
  Crypt (3/3) Vaults:2       Tomb (0/3) Crypt:3      Depths (5/5) D:15
    Zot (2/5) Depths:5

Altars:
Cheibriados
Elyvilon
Fedhas
Gozag
Makhleb
Okawaru
Sif Muna
Trog
Vehumet
Wu Jian
Xom
Yredelemnul
The Shining One
Jiyva

Shops:
D:8 [   Orc:1 (   Orc:2 }!}*   Vaults:1 }   Vaults:5 %   Depths:1 }
Depths:2 [

Portals:
Hell: Depths:1 Depths:2 Depths:3 Depths:4 Depths:5
Abyss: Depths:4
Pandemonium: Depths:3 Depths:4 Depths:5

Annotations:
Zig:10 exclusion: ice statue


Innate Abilities, Weirdness & Mutations

You reflexively headbutt those who attack you in melee.
You have a pair of horns on your head.
You are robust. (+10% HP)
Your movements are slightly less encumbered by armour. (ER -2)


Message History

* * * LOW HITPOINT WARNING * * *
You headbutt the acid blob!
The acid blob is lightly wounded.
You block the azure jelly's attack. x3
The azure jelly hits you but does no damage.
You block the azure jelly's attack. The azure jelly barely misses you.
The azure jelly hits you but does no damage.
The azure jelly completely misses you. The acid blob spits acid at you.
The splash of acid hits you. You resist.
* * * LOW HITPOINT WARNING * * *
The acid corrodes you!
You are splashed with acid.
You resist.
* * * LOW HITPOINT WARNING * * *
The eye of draining gazes at you.
The ice beast hits you but does no damage.
You almost manage to decipher the scroll, but fail in this attempt.
You block the azure jelly's attack. The azure jelly hits you.
* * * LOW HITPOINT WARNING * * *
The azure jelly freezes you!!!
You die...

▓▓▓▓▓▓▓▓▓▓▓
▓.........▓
▓.........▓
▓▓▓▓.........▓▓▓▓▓▓
..........YJ......▓
)........JJJ@.....▓
$?....8..G.JJY....▓
?:.......JYGJ.....▓
(?........J......∩▓
([.......G........▓
?=................▓
..................▓
..................▓
▓▓▓▓.........▓▓▓▓▓▓


You could see 2 acid blobs, 2 azure jellies, an ice statue, a great orb of eyes,
a large slime creature, 3 slime creatures, a shining eye, a death ooze, an eye
of draining and 3 ice beasts.

Vanquished Creatures
  the Royal Jelly (Slime:5)
  Khufu (Crypt:1)
  Mara (Depths:1)
  2 ancient liches
  2 juggernauts
  4 greater mummies
  Sojobo (Vaults:2)
  A Killer Klown (Zig:5)
  the Lernaean hydra (Swamp:4)
  Bai Suzhen (Depths:3)
  Frederick (Vaults:2)
  Margery (Vaults:4)
  4 caustic shrikes (Depths:4)
  4 golden dragons
  4 profane servitors
  Arachne (Spider:2)
  Jory (Depths:5)
  A bone dragon (Crypt:3)
  A Tzitzimitl (Zig:7)
  A shard shrike zombie (Crypt:2)
  3 electric golems (Zot:1)
  A lich (Abyss:1)
  5 tentacled monstrosities
  7 titans
  21 acid blobs
  2 deep elf master archers (Elf:3)
  7 quicksilver dragons
  3 deep elf blademasters
  2 ancient champions
  6 death cobs
  An Executioner (Zig:5)
  5 sphinxes
  4 tentacled starspawn (Abyss:1)
  9 storm dragons
  A thorn hunter (Swamp:1)
  12 shadow dragons
  A draconian monk (Zot:2)
  6 revenants
  4 tengu reavers
  8 azure jellies
  4 iron dragons
  A draconian scorcher (Zot:2)
  16 vault wardens
  Aizul (Spider:2)
  3 draconian knights
  8 fire giants
  5 emperor scorpions
  12 frost giants
  A juggernaut zombie (Depths:4)
  13 deep elf sorcerers
  10 ghouls
  2 draconian shifters
  4 ghost moths
  An orc warlord (Zig:9)
  A draconian stormcaller (Zot:1)
  An angel (Zig:3)
  29 very ugly things
  The ghost of Cykl0x the Severer, a journeyman MiFi of Makhleb (D:15)
  2 caustic shrike skeletons (Depths:4)
  5 curse skulls
  25 stone giants
  5 deep elf elementalists
  23 ironheart preservers
  2 war gargoyles
  A juggernaut skeleton (Crypt:2)
  6 entropy weavers
  A spriggan defender (Depths:3)
  A black sun (Zig:7)
  A reaper (Crypt:2)
  7 deep elf demonologists
  5 draconian annihilators
  8 green draconians
  7 vampire knights
  3 black draconians (Depths:5)
  10 deep elf annihilators
  2 purple draconians (Zot:1)
  5 white draconians
  4 yellow draconians
  An apis (Zig:3)
  7 red draconians
  8 deep elf death magi
  7 spark wasps
  18 eidola
  13 ettins
  A merfolk impaler (Depths:3)
  6 death oozes
  A mummy priest (Crypt:3)
  12 ogre magi
  12 fire dragons
  A merfolk javelineer (Depths:3)
  17 yaktaur captains
  17 great orbs of eyes
  3 jiangshi
  6 rakshasas
  A quicksilver dragon zombie (Crypt:3)
  36 vault guards
  4 deep elf high priests
  20 hydras
  12 ice dragons
  2 ghost crabs (Swamp:2)
  A catoblepas (Lair:6)
  41 two-headed ogres
  5 spriggan air magi
  16 centaur warriors
  3 shambling mangroves
  6 death knights
  6 tengu warriors
  29 dancing weapons
  10 death yaks
  6 deep troll shamans
  12 alligators
  4 hell hogs (Abyss:1)
  A death scarab (Zig:4)
  9 vampire magi
  8 deep troll earth magi
  3 thrashing horrors (Abyss:1)
  4 spriggan berserkers
  6 orc high priests
  Nergalle (Lair:2)
  23 hell knights
  8 soul eaters
  35 skeletal warriors
  2 fire crabs
  Urug (D:13)
  2 iron trolls
  A titan skeleton (Abyss:1)
  A salamander mystic (Depths:5)
  2 spatial maelstroms (Abyss:1)
  23 deep elf knights
  A cherub (Zig:3)
  5 shadow wraiths
  3 sixfirhies (Abyss:1)
  An anaconda zombie (Crypt:1)
  2 wretched stars (Abyss:1)
  6 glowing orange brains
  2 spectral hydras (Swamp:3)
  2 unseen horrors
  21 deep trolls
  A spriggan druid (Swamp:4)
  An unseen horror (shapeshifter) (Depths:2)
  12 flayed ghosts
  An orange crystal statue (Zig:10)
  11 wizards
  2 obsidian statues
  12 swamp dragons
  3 death drakes
  A lindwurm (Lair:6)
  16 deep elf archers
  23 phantasmal warriors
  A shadow dragon zombie (Crypt:3)
  14 ironbrand convokers
  An orb spider (shapeshifter) (Elf:3)
  10 harpies
  14 necromancers
  2 wolf spider zombies (Crypt:3)
  11 orb spiders
  21 orc knights
  A lindwurm (shapeshifter) (Vaults:4)
  2 salamanders (shapeshifter)
  6 orc sorcerers
  An anaconda skeleton (Crypt:1)
  A mana viper (shapeshifter) (Depths:4)
  64 ugly things
  4 salamanders
  A stone giant zombie (Abyss:1)
  4 elephants
  5 shining eyes
  39 wolf spiders
  6 cyclopes
  81 deep elf magi
  An elephant (shapeshifter) (Vaults:5)
  A worldbinder (Abyss:1)
  A frost giant skeleton (Crypt:1)
  12 moths of wrath
  4 dire elephant zombies
  4 apocalypse crabs
  A guardian serpent (shapeshifter) (Elf:1)
  3 smoke demons (Abyss:1)
  6 black mambas
  Maurice (Orc:2)
  An eye of devastation (Slime:5)
  A shock serpent zombie (Crypt:1)
  A black mamba (shapeshifter) (Vaults:4)
  3 ice statues
  4 swamp worm zombies
  4 molten gargoyles (D:11)
  16 spiny frogs
  A black draconian zombie (Crypt:1)
  17 vault sentinels
  A gargoyle (D:15)
  5 torpor snails
  An emperor scorpion zombie (Crypt:3)
  9 demonic crawlers
  2 human zombies
  52 yaktaurs
  13 freezing wraiths
  4 rime drakes
  2 yellow draconian zombies
  2 yaktaurs (shapeshifter)
  An efreet (Abyss:1)
  7 komodo dragons
  6 kobold demonologists
  3 rime drakes (shapeshifter)
  4 guardian mummies
  3 hydra zombies (Crypt:3)
  2 tormentors (Zig:2)
  2 hellwings (Abyss:1)
  4 ancient zymes (Abyss:1)
  A troll (shapeshifter) (Vaults:2)
  A tyrant leech (shapeshifter) (Vaults:3)
  42 jumping spiders
  10 trolls
  A death drake zombie (Crypt:2)
  A meliai (shapeshifter) (Depths:4)
  A polar bear (Lair:6)
  A wind drake (shapeshifter) (Vaults:1)
  10 tyrant leeches
  A tengu conjurer (Depths:1)
  A queen bee (shapeshifter) (Vaults:3)
  2 polar bears (shapeshifter)
  17 hornets
  83 slime creatures
  A jumping spider (shapeshifter) (Depths:2)
  13 bog bodies
  An iron dragon simulacrum (Crypt:1)
  2 ettin zombies
  A hornet (shapeshifter) (Vaults:5)
  A harpy skeleton (D:15)
  10 raiju (Abyss:1)
  4 spectral swamp dragons (Swamp:3)
  8 hippogriffs
  5 alligator zombies (Swamp:3)
  17 blink frogs
  A fire dragon zombie (Crypt:3)
  2 snapping turtles (shapeshifter)
  A hydra skeleton (Crypt:1)
  4 human simulacra
  A raiju (shapeshifter) (Vaults:3)
  An ice dragon zombie (Crypt:3)
  65 redbacks
  2 shadows
  5 air elementals
  2 spriggans (shapeshifter)
  3 flying skulls
  A stone giant simulacrum (Crypt:1)
  28 tarantellas
  37 yaks
  A tarantella (shapeshifter) (Depths:3)
  12 water elementals
  15 starcursed masses
  A vampire (Abyss:1)
  5 ynoxinuls (Abyss:1)
  3 spriggans
  8 wyverns
  6 wraiths
  An ushabti (Crypt:3)
  3 basilisks
  A tyrant leech zombie (Swamp:3)
  A basilisk (shapeshifter) (Vaults:5)
  4 fire elementals
  2 neqoxecs (Abyss:1)
  18 humans (D:13)
  5 hungry ghosts
  15 vampire mosquitoes
  A yaktaur simulacrum (Vaults:3)
  6 wargs
  4 chaos spawn
  12 swamp worms
  5 insubstantial wisps (Swamp:1)
  3 acid dragons
  8 spiny frog zombies
  A swamp worm (shapeshifter) (Vaults:3)
  An orb spider zombie (Crypt:2)
  12 water moccasins
  10 porcupines
  A monstrous demonspawn skeleton (Crypt:2)
  A floating eye (shapeshifter) (Depths:4)
  63 orc warriors
  4 hell hounds (Abyss:1)
  A snapping turtle zombie (Crypt:3)
  14 large abominations
  14 swamp drakes
  9 ice beasts
  A sky beast (Abyss:1)
  A black bear (Lair:6)
  An ettin simulacrum (Vaults:1)
  A sky beast (shapeshifter) (Vaults:5)
  A black bear (shapeshifter) (Depths:1)
  14 necrophages
  An ogre (shapeshifter) (Depths:4)
  40 ogres
  6 phantoms
  5 boggarts
  A boggart (shapeshifter) (Vaults:4)
  2 eyes of draining (Slime:4)
  5 wolves (Lair:6)
  An elf skeleton (Vaults:3)
  A crocodile (shapeshifter) (Vaults:5)
  15 centaurs
  9 small abominations (Abyss:1)
  A manticore skeleton (Crypt:1)
  15 crocodiles
  6 big kobolds
  A yaktaur zombie (Crypt:1)
  Blork the orc (D:5)
  A draconian zombie (Crypt:1)
  28 bullfrogs
  A gnoll sergeant (Orc:2)
  7 earth elementals
  A komodo dragon skeleton (Crypt:1)
  A wyvern zombie (D:9)
  4 wyvern skeletons (Crypt:3)
  6 scorpions
  A polar bear zombie (Crypt:2)
  16 wights
  5 killer bees
  4 electric eels
  3 howler monkeys
  6 crimson imps
  3 quasits
  33 orc priests
  7 hounds
  2 bullfrog zombies
  4 jellies
  5 iron imps
  32 orc wizards
  5 centaur skeletons
  3 bullfrog skeletons
  5 iguanas
  14 worker ants
  A big kobold skeleton (Crypt:1)
  3 mummies
  A hound skeleton (D:10)
  19 gnolls
  10 adders
  3 shadow imps
  A steam dragon skeleton (Crypt:2)
  2 white imps (Abyss:1)
  2 ufetubi (Abyss:1)
  An ooze (D:4)
  3 adder skeletons
  A worm (D:6)
  2 dart slugs
  A leopard gecko (D:4)
  91 orcs
  2 ball pythons (D:1)
  7 giant cockroaches
  4 goblins
  13 hobgoblins
  18 jackals
  5 quokkas
  A ball python (shapeshifter) (Vaults:5)
  3 bats
  4 frilled lizards
  A goblin zombie (Crypt:2)
  2 jackal skeletons
  28 kobolds
  6 rats
  A rat zombie (Crypt:2)
  2 briar patches (Swamp:1)
  3 fungi (Lair:1)
  9 plants
  3 starspawn tentacles (Abyss:1)
  10 withered plants
2720 creatures vanquished.

Vanquished Creatures (others)
  A deep elf master archer (Depths:4)
  2 stone giants
  A yaktaur captain (Depths:1)
  2 deep elf knights
  An unseen horror (shapeshifter) (Depths:2)
  A deep elf archer (Elf:1)
  A necromancer (Crypt:1)
  4 yaktaurs
  A slime creature (Depths:4)
  A sky beast (Abyss:1)
  A swamp drake (Swamp:1)
  An ogre (Vaults:4)
  A centaur (Depths:3)
  2 orc wizards
  5 orcs
  A quokka (D:12)
  4 fungi
  A lurking horror (Abyss:1)
  6 plants
  8 starspawn tentacles (Abyss:1)
  A withered plant (Crypt:3)
46 creatures vanquished.

Grand Total: 2766 creatures vanquished

Notes
Turn   | Place    | Note
-------+----------+-------------------------------------------
     0 | D:1      | Peloso the Minotaur Fighter began the quest for the Orb.
     0 | D:1      | Reached XP level 1. HP: 19/19 MP: 0/0
   247 | D:1      | Reached XP level 2. HP: 27/27 MP: 1/1
   817 | D:2      | Reached XP level 3. HP: 32/33 MP: 2/2
  1241 | D:2      | Found a shimmering altar of Xom.
  1420 | D:2      | Reached XP level 4. HP: 34/40 MP: 3/3
  1434 | D:3      | Found a snail-covered altar of Cheibriados.
  1516 | D:3      | Noticed a centaur
  1526 | D:3      | Killed a centaur
  1526 | D:3      | Reached skill level 5 in Shields
  1526 | D:3      | Reached XP level 5. HP: 6/46 MP: 4/4
  1843 | D:3      | Found an iron altar of Okawaru.
  1864 | D:3      | Became a worshipper of Warmaster Okawaru
  1948 | D:3      | Found a glowing golden altar of the Shining One.
  1977 | D:3      | Found a bloodstained altar of Trog.
  2208 | D:4      | Reached skill level 5 in Long Blades
  2208 | D:4      | Reached XP level 6. HP: 53/53 MP: 5/5
  2272 | D:4      | Reached skill level 5 in Armour
  2716 | D:4      | Reached skill level 5 in Fighting
  2771 | D:4      | Reached XP level 7. HP: 42/61 MP: 6/6
  2803 | D:4      | Reached * piety under Okawaru
  3355 | D:5      | Entered Level 5 of the Dungeon
  3416 | D:5      | Found an opulent altar of Gozag.
  3459 | D:5      | Reached XP level 8. HP: 39/69 MP: 7/7
  3676 | D:5      | Noticed Blork the orc
  3699 | D:5      | Killed Blork the orc
  4935 | D:6      | Reached ** piety under Okawaru
  5114 | D:6      | Found a staircase to the Ecumenical Temple.
  5162 | D:6      | Found a burning altar of Makhleb.
  5346 | D:7      | Found a radiant altar of Vehumet.
  5490 | D:7      | Reached XP level 9. HP: 75/75 MP: 8/8
  6046 | D:7      | Found an ornate altar of the Wu Jian Council.
  6484 | D:8      | Noticed a two-headed ogre
  6498 | D:8      | Killed a two-headed ogre
  6498 | D:8      | Reached *** piety under Okawaru
  6498 | D:8      | Reached skill level 10 in Long Blades
  6509 | D:8      | Found a deep blue altar of Sif Muna.
  6723 | D:8      | Found Makir's Antique Armour Boutique.
  6730 | D:8      | Bought a faintly glowing buckler for 228 gold pieces
  6743 | D:8      | Identified the +4 buckler of Ruaghexic {rCorr Stlth+} (You
                  | bought it in a shop on level 8 of the Dungeon)
  6844 | D:8      | Found a blossoming altar of Fedhas.
  7277 | D:9      | Noticed a two-headed ogre
  7287 | D:9      | Reached **** piety under Okawaru
  7299 | D:9      | Killed a two-headed ogre
  7299 | D:9      | Reached XP level 10. HP: 71/88 MP: 7/9
  7395 | D:9      | Received a gift from Okawaru
  7727 | D:9      | Reached skill level 1 in Invocations
  7797 | D:9      | Received a gift from Okawaru
  8235 | D:9      | Reached ***** piety under Okawaru
  8235 | D:9      | Reached skill level 10 in Shields
  8482 | D:10     | Entered Level 10 of the Dungeon
  9210 | D:10     | Reached XP level 11. HP: 97/97 MP: 10/10
  9359 | D:11     | Reached skill level 10 in Armour
  9596 | D:11     | Found a staircase to the Orcish Mines.
 10176 | D:11     | Found an opulent altar of Gozag.
 10382 | D:11     | Reached skill level 10 in Fighting
 10418 | D:11     | Found a staircase to the Lair.
 10783 | D:12     | Found a white marble altar of Elyvilon.
 10821 | D:12     | Noticed a death knight
 10821 | D:12     | Noticed a skeletal warrior
 10848 | D:12     | Noticed a phantasmal warrior
 11260 | D:12     | Received a gift from Okawaru
 11548 | D:12     | Noticed a two-headed ogre
 11563 | D:12     | Killed a two-headed ogre
 11945 | D:12     | Killed an unseen horror
 12303 | D:12     | Noticed a cyan ugly thing
 12326 | D:12     | Killed a cyan ugly thing
 12555 | D:12     | Reached XP level 12. HP: 108/108 MP: 12/12
 12835 | Lair:1   | Entered Level 1 of the Lair of Beasts
 13588 | Lair:1   | Received a gift from Okawaru
 13611 | Lair:1   | Got a fine demon blade {god gift}
 13612 | Lair:1   | Identified the +5 demon blade "Fadoygh" {drain, rN++ Str-3
                  | Dex+6} (Okawaru gifted it to you on level 1 of the Lair of
                  | Beasts)
 13850 | Lair:2   | Found a staircase to the Swamp.
 14335 | Lair:2   | Received a gift from Okawaru
 14379 | Lair:2   | Noticed Nergalle
 14391 | Lair:2   | Killed Nergalle
 14399 | Lair:2   | Reached ****** piety under Okawaru
 14498 | Lair:2   | Noticed an eight-headed hydra
 14510 | Lair:2   | Killed a two-headed hydra
 14671 | Lair:3   | Noticed a death yak
 14672 | Lair:3   | Noticed a death yak
 14672 | Lair:3   | Noticed a death yak
 14673 | Lair:3   | Noticed a death yak
 14675 | Lair:3   | Noticed a death yak
 14677 | Lair:3   | Noticed a death yak
 14684 | Lair:3   | Killed a death yak
 14695 | Lair:2   | Killed a death yak
 14700 | Lair:2   | Killed a death yak
 14841 | Lair:2   | Killed a death yak
 14841 | Lair:2   | Received a gift from Okawaru
 14841 | Lair:2   | Reached XP level 13. HP: 45/118 MP: 4/13
 16023 | Lair:4   | Reached skill level 15 in Long Blades
 16267 | Lair:4   | Found a hole to the Spider Nest.
 16277 | Lair:4   | Received a gift from Okawaru
 17112 | Lair:6   | Entered Level 6 of the Lair of Beasts
 17151 | Lair:6   | Received a gift from Okawaru
 17192 | Lair:6   | Found a frozen archway.
 17212 | IceCv    | Entered an ice cave
 17251 | IceCv    | Found a transporter.
 17272 | IceCv    | Found a transporter.
 17378 | Lair:6   | Found a staircase to the Slime Pits.
 17605 | Lair:6   | Received a gift from Okawaru
 17647 | Lair:6   | Got a twisted hat {god gift}
 17653 | Lair:6   | Identified the +2 hat "Hypycim" {*Drain rCorr Slay+2 SInv}
                  | (Okawaru gifted it to you on level 6 of the Lair of Beasts)
 17996 | Lair:6   | Reached skill level 1 in Stealth
 18011 | Lair:6   | Reached XP level 14. HP: 96/130 MP: 10/14
 18152 | Lair:6   | Got distressingly furry fire dragon scales
 18189 | Lair:6   | Identified the +8 fire dragon scales of the Hills {rF++ rC-
                  | Stlth+} (You found it on level 6 of the Lair of Beasts)
 19125 | D:13     | Reached skill level 15 in Shields
 19216 | D:13     | Received a gift from Okawaru
 19223 | D:13     | Got a warped triple sword {god gift}
 19224 | D:13     | Identified the +1 triple sword of Ockoam {drain, rC++}
                  | (Okawaru gifted it to you on level 13 of the Dungeon)
 19381 | D:13     | Found a gate to the Vaults.
 19400 | D:13     | Reached skill level 1 in Dodging
 19494 | D:13     | Noticed Urug
 19505 | D:13     | Killed Urug
 19629 | D:13     | Received a gift from Okawaru
 19633 | D:13     | Got an iridescent great sword {god gift}
 19634 | D:13     | Identified the +6 great sword "Heibb" {flame, rElec rC++
                  | Str-2 Dex+3} (Okawaru gifted it to you on level 13 of the
                  | Dungeon)
 21583 | D:15     | Entered Level 15 of the Dungeon
 21586 | D:15     | Received a gift from Okawaru
 21586 | D:15     | Reached skill level 15 in Fighting
 21587 | D:15     | Got a polished eveningstar {god gift}
 21592 | D:14     | Reached XP level 15. HP: 95/141 MP: 9/15
 22084 | D:14     | Identified the +3 eveningstar "Minotaur's Peril"
                  | {antimagic, rPois} (Okawaru gifted it to you on level 15 of
                  | the Dungeon)
 22813 | D:15     | Found a runed translucent door.
 22813 | D:15     | Noticed Cykl0x's ghost (journeyman MiFi)
 22861 | D:15     | Killed Cykl0x's ghost
 22864 | D:15     | Got a wavering crystal amulet
 22869 | D:15     | Identified the amulet "Teuw" {Faith *Corrode +Fly rC+
                  | Str+5} (You found it on level 15 of the Dungeon)
 22900 | D:15     | Reached skill level 1 in Axes
 23449 | D:15     | Received a gift from Okawaru
 23607 | D:15     | Reached skill level 15 in Armour
 23668 | D:15     | Found a staircase to the Depths.
 24189 | Orc:1    | Entered Level 1 of the Orcish Mines
 24423 | Orc:1    | Found a burning altar of Makhleb.
 24628 | Orc:2    | Entered Level 2 of the Orcish Mines
 24678 | Orc:2    | Found a staircase to the Elven Halls.
 24844 | Orc:2    | Noticed Maurice
 24861 | Orc:2    | Killed Maurice
 26009 | Orc:2    | Found Viggev's Gadget Emporium.
 26009 | Orc:2    | Found Widecw's General Store.
 26010 | Orc:2    | Found Werchoofe's Gadget Emporium.
 26010 | Orc:2    | Found Oxyus's Distillery.
 26168 | Orc:1    | Found Ocatoc's Weapon Shoppe.
 26231 | Orc:1    | Bought the +4 scimitar "Goblinbane" {flame, rElec rC+ rN+
                  | Stlth+} for 662 gold pieces
 26811 | Spider:1 | Entered Level 1 of the Spider Nest
 26814 | Spider:1 | Received a gift from Okawaru
 26847 | Spider:1 | Got a shimmering falchion {god gift}
 26848 | Spider:1 | Identified the +6 falchion of Yjiac {slice, rC- rN+++
                  | Dex+3} (Okawaru gifted it to you on level 1 of the Spider
                  | Nest)
 26929 | Swamp:1  | Entered Level 1 of the Swamp
 27411 | Swamp:1  | Paralysed by a hornet for 1 turns
 27715 | Swamp:1  | Received a gift from Okawaru
 27801 | Swamp:1  | Noticed a thorn hunter
 27811 | Swamp:1  | Killed a thorn hunter
 27811 | Swamp:1  | Reached XP level 16. HP: 102/151 MP: 12/16
 28962 | Spider:1 | Received a gift from Okawaru
 31210 | D:12     | Received a gift from Okawaru
 32489 | Elf:1    | Entered Level 1 of the Elven Halls
 33390 | Elf:1    | Received a gift from Okawaru
 33393 | Elf:1    | Got an ancient shield {god gift}
 33406 | Elf:1    | Identified the +8 shield of the Harvest Moon {rN+ Dex-3
                  | Slay+6} (Okawaru gifted it to you on level 1 of the Elven
                  | Halls)
 33732 | Elf:1    | Found a burning altar of Makhleb.
 34123 | Elf:1    | Identified the amulet "Helyekann" {Spirit rElec Str+2
                  | Slay-2}
 34673 | Elf:1    | Reached XP level 17. HP: 119/162 MP: 15/18
 34698 | Elf:1    | Identified Sif Muna's Disquisition on Creative Battle Magic
 34741 | Elf:1    | Received a gift from Okawaru
 35183 | Elf:1    | Identified the amulet "Goduadi" {RegenMP Slay+2}
 35301 | Elf:1    | Identified the ring "Uhull" {rPois EV+4}
 35353 | Elf:1    | Got a vibrating bone amulet
 35357 | Elf:1    | Identified the amulet of Scepticism {Inacc rElec rF+
                  | Stlth-} (You found it on level 1 of the Elven Halls)
 36444 | Swamp:3  | Received a gift from Okawaru
 36466 | Swamp:3  | Found a shimmering altar of Xom.
 36874 | Swamp:3  | Received a gift from Okawaru
 36887 | Swamp:3  | Got a fine large shield
 36899 | Swamp:3  | Identified the +3 large shield of Forking Paths {rPois rF-
                  | MR+ Int+2} (You found it on level 3 of the Swamp)
 37627 | Swamp:4  | Entered Level 4 of the Swamp
 37834 | Swamp:4  | Noticed the 27-headed Lernaean hydra
 37975 | Swamp:4  | Killed the 23-headed Lernaean hydra
 38016 | Swamp:4  | Received a gift from Okawaru
 38366 | Swamp:4  | Got a decaying rune of Zot
 39180 | Spider:2 | Noticed Aizul
 39189 | Spider:2 | Killed Aizul
 39456 | Spider:2 | Noticed Arachne
 39465 | Spider:2 | Reached XP level 18. HP: 158/169 MP: 17/19
 39476 | Spider:2 | Killed Arachne
 39476 | Spider:2 | Received a gift from Okawaru
 40692 | Spider:4 | Entered Level 4 of the Spider Nest
 41008 | Spider:4 | Received a gift from Okawaru
 42176 | Spider:4 | Got a gossamer rune of Zot
 42666 | Vaults:1 | Entered Level 1 of the Vaults
 43391 | Vaults:1 | Received a gift from Okawaru
 43391 | Vaults:1 | Reached XP level 19. HP: 111/181 MP: 14/20
 43503 | Vaults:1 | Received a gift from Okawaru
 43840 | Vaults:1 | Got a slimy scale mail {god gift}
 43845 | Vaults:1 | Got a crystal scimitar {god gift}
 43850 | Vaults:1 | Identified the +10 scimitar of Laxziny {slice, rN+ MR+++
                  | Dex-3} (Okawaru gifted it to you on level 1 of the Vaults)
 43851 | Vaults:1 | Identified the +0 scale mail of the Forgotten Dances
                  | {Slay+2} (Okawaru gifted it to you on level 1 of the
                  | Vaults)
 44181 | Vaults:1 | You fall through a shaft!
 44239 | Vaults:2 | Found a portal to a secret trove of treasure.
 44567 | Vaults:2 | Noticed Frederick
 44785 | Vaults:2 | Received a gift from Okawaru
 45759 | Vaults:1 | Found Xerecin's Gadget Shoppe.
 46057 | Elf:2    | Received a gift from Okawaru
 46095 | Elf:2    | Got an iridescent demon blade {god gift}
 46096 | Elf:2    | Identified the +2 demon blade "Semankup" {pain, Str+2
                  | Dex+2} (Okawaru gifted it to you on level 2 of the Elven
                  | Halls)
 46930 | Elf:2    | Found a runed translucent gate.
 46931 | Elf:2    | Found a runed translucent gate.
 46932 | Elf:2    | Found a runed translucent gate.
 47058 | Elf:2    | Reached XP level 20. HP: 142/193 MP: 17/21
 47540 | Elf:2    | Received a gift from Okawaru
 47688 | Elf:3    | Entered Level 3 of the Elven Halls
 48967 | Elf:3    | Received a gift from Okawaru
 49051 | Elf:3    | Identified the ring of Uroz {rCorr rN++ Str-3 SInv}
 49060 | Elf:3    | Identified the ring "Omozeer" {+Inv rC+ Str+4 Dex+4}
 49134 | Elf:3    | Got a brightly glowing hand crossbow
 49137 | Elf:3    | Got a steaming chain mail
 49151 | Elf:3    | Identified Foagus's Papyrus of the Sinister Blaze
 49417 | Elf:3    | Found the +2 pair of boots of the Assassin {Detection Stab+
                  | Stlth++}
 50045 | Lair:1   | Identified the cursed +1 hand crossbow "Ceqai" {elec, rElec
                  | Stlth+} (You found it on level 3 of the Elven Halls)
 50069 | Lair:1   | Identified the cursed +1 chain mail "Nukutt" {rPois rN+}
                  | (You found it on level 3 of the Elven Halls)
 50479 | Orc:2    | Bought a potion of resistance for 120 gold pieces
 50479 | Orc:2    | Bought a potion of haste for 120 gold pieces
 50479 | Orc:2    | Bought a potion of might for 48 gold pieces
 50929 | Vaults:2 | Reached skill level 1 in Evocations
 51036 | Vaults:2 | Noticed Sojobo
 51050 | Vaults:2 | Killed Sojobo
 51070 | Vaults:2 | Received a gift from Okawaru
 51396 | Vaults:2 | Found a staircase to the Crypt.
 51471 | Vaults:3 | Reached XP level 21. HP: 202/202 MP: 22/22
 52444 | Vaults:3 | Received a gift from Okawaru
 53267 | Vaults:2 | You paid a toll of 5 potions of resistance to enter a
                  | treasure trove
 53268 | Trove    | Entered a treasure trove
 53277 | Trove    | Got a smoking amber ring
 53279 | Trove    | Got a vibrating bronze ring
 53283 | Trove    | Got a scintillating steel ring
 53296 | Trove    | Identified the ring "Waahytuc" {rN+++ Str+4 Dex+6 Stlth-}
                  | (You found it in a treasure trove)
 53298 | Trove    | Identified the ring "Igeix" {*Slow rPois rF+ rN+ Dex+7}
                  | (You found it in a treasure trove)
 53304 | Trove    | Identified the ring of Osibaul {Wiz rF+ Str-3 Int+2} (You
                  | found it in a treasure trove)
 53323 | Trove    | Got a smoking copper ring
 53333 | Trove    | Identified the ring "Segh" {MR+ Int+3} (You found it in a
                  | treasure trove)
 53340 | Trove    | Got a faintly glowing platinum ring
 53342 | Trove    | Identified the ring of the Briny Deep {MP+9 Int+2} (You
                  | found it in a treasure trove)
 53368 | Trove    | Got a smoking turquoise ring
 53369 | Trove    | Identified the ring "Cih Cedd" {rElec MR+ SInv} (You found
                  | it in a treasure trove)
 53371 | Trove    | Got a faintly glowing granite ring
 53374 | Trove    | Identified the ring of Laxuipul {rN++ MR+ Dex+2} (You found
                  | it in a treasure trove)
 53376 | Trove    | Got a pitted lapis lazuli ring
 53378 | Trove    | Identified the ring of the Pariah {MR+ Int+9 SInv Stlth+}
                  | (You found it in a treasure trove)
 53380 | Trove    | Got a slimy silver ring
 53382 | Trove    | Identified the ring of Xuorafoa {+Inv rC+ MR- Dex-3 SInv}
                  | (You found it in a treasure trove)
 53390 | Trove    | Got a clouded ivory ring
 53391 | Trove    | Identified the ring "Pois" {+Fly rPois rC+ Str+5 Int-2}
                  | (You found it in a treasure trove)
 53397 | Trove    | Got a slimy brass ring
 53399 | Trove    | Identified the ring "Jiafuh" {rN+ Int+6 Dex+5 SInv} (You
                  | found it in a treasure trove)
 53981 | Vaults:2 | Killed Frederick
 55228 | Vaults:4 | Noticed Margery
 55231 | Vaults:4 | Received a gift from Okawaru
 55867 | Vaults:4 | Reached XP level 22. HP: 213/213 MP: 23/23
 56059 | Vaults:4 | Killed Margery
 56059 | Vaults:4 | Received a gift from Okawaru
 56079 | Vaults:4 | Got a smoking battleaxe {god gift}
 56275 | Vaults:5 | Entered Level 5 of the Vaults
 56432 | Crypt:1  | Entered Level 1 of the Crypt
 56545 | Crypt:1  | Noticed a greater mummy
 56560 | Crypt:1  | Noticed Khufu
 56560 | Crypt:1  | Noticed a greater mummy
 56565 | Crypt:1  | Noticed a greater mummy
 57280 | Crypt:1  | Killed Khufu
 57838 | Crypt:1  | Killed a greater mummy
 57995 | Crypt:1  | Killed a greater mummy
 58068 | Crypt:1  | Killed a greater mummy
 59081 | Vaults:4 | Received a gift from Okawaru
 59662 | Vaults:5 | Received a gift from Okawaru
 59962 | Vaults:5 | Identified the +0 mace of Punishment {holy, Stlth+}
 59999 | Vaults:5 | Got a silver rune of Zot
 60009 | Vaults:5 | Identified Lytycyeh's Grimoire of Assistive Displacement
 60385 | Lair:1   | Identified the +1 battleaxe of Houzoh {protect, *Drain +Fly
                  | rPois rF-} (Okawaru gifted it to you on level 4 of the
                  | Vaults)
 61086 | Vaults:5 | Got a dazzling chain mail
 61131 | Vaults:5 | Reached XP level 23. HP: 202/223 MP: 24/24
 61210 | Vaults:5 | Got an iridescent war axe
 61232 | Vaults:5 | Received a gift from Okawaru
 61271 | Vaults:5 | Found Iwoepy Tooj's Food Shoppe.
 62045 | Lair:1   | Identified the +2 war axe of Victory {antimagic, SInv} (You
                  | found it on level 5 of the Vaults)
 62130 | Lair:1   | Identified the +5 chain mail "Puefibie" {rF+} (You found it
                  | on level 5 of the Vaults)
 62901 | Vaults:5 | Paralysed by a floating eye for 4 turns
 63777 | Vaults:5 | Received a gift from Okawaru
 64234 | Crypt:2  | Reached skill level 27 in Shields
 64397 | Crypt:2  | Received a gift from Okawaru
 64423 | Crypt:2  | Got a crystal great sword {god gift}
 64424 | Crypt:2  | Identified the +1 great sword "Undertaker" {slice, Int+3}
                  | (Okawaru gifted it to you on level 2 of the Crypt)
 65263 | Crypt:3  | Entered Level 3 of the Crypt
 65661 | Crypt:3  | Received a gift from Okawaru
 65664 | Crypt:3  | Got a heavily runed shield {god gift}
 65699 | Crypt:3  | Identified the -6 shield "Rupyucw" {Stlth+} (Okawaru gifted
                  | it to you on level 3 of the Crypt)
 65904 | Crypt:3  | Found a basalt altar of Yredelemnul.
 67702 | Crypt:3  | Reached XP level 24. HP: 218/236 MP: 24/25
 67727 | Crypt:3  | Found a staircase to the Tomb.
 68483 | Crypt:3  | Received a gift from Okawaru
 68898 | Depths:1 | Entered Level 1 of the Depths
 69770 | Depths:1 | Found a gateway to Hell.
 69817 | Depths:1 | Found Ciedek's Gadget Shoppe.
 69888 | Depths:1 | Received a gift from Okawaru
 70432 | Depths:1 | Received a gift from Okawaru
 70443 | Depths:1 | Got a faintly glowing long sword {god gift}
 70444 | Depths:1 | Identified the +10 long sword of Pecuc {drain, *Rage rF+++
                  | MP+9 Int+6} (Okawaru gifted it to you on level 1 of the
                  | Depths)
 70754 | Depths:1 | Noticed Mara
 70779 | Depths:1 | Noticed Peloso's illusion
 70810 | Depths:1 | Noticed Peloso's illusion
 70838 | Depths:1 | Killed Mara
 71997 | Depths:2 | Received a gift from Okawaru
 72040 | Depths:2 | Got a translucent falchion {god gift}
 72041 | Depths:2 | Identified the +1 falchion "Biot" {vamp, +Rage +Inv rN++
                  | Stlth-} (Okawaru gifted it to you on level 2 of the Depths)
 72826 | Depths:2 | Found Kyank's Armour Shoppe.
 73295 | Depths:2 | Received a gift from Okawaru
 74073 | Depths:2 | Found a snail-covered altar of Cheibriados.
 74507 | Depths:3 | Noticed Bai Suzhen
 74526 | Depths:3 | Killed Bai Suzhen
 74562 | Depths:3 | Reached XP level 25. HP: 233/248 MP: 24/25
 75206 | Depths:3 | Found a one-way gate leading to the halls of Pandemonium.
 75532 | Depths:3 | Received a gift from Okawaru
 75533 | Depths:3 | Found the +0 pair of fencer's gloves {Riposte Dex+3}
 77424 | Depths:4 | Identified the ring of the Forgotten Allies {Fire -Tele
                  | rPois Slay+2 SInv}
 77590 | Depths:4 | Found a one-way gate to the infinite horrors of the Abyss.
 77922 | Depths:4 | Identified the +9 trident of Elev {pierce, MR+}
 77969 | Depths:4 | Noticed a juggernaut
 77982 | Depths:4 | Killed a juggernaut
 77983 | Depths:4 | Received a gift from Okawaru
 78668 | Depths:4 | HP: 1/253 [fire giant/fireball (52)]
 79570 | Depths:5 | Entered Level 5 of the Depths
 79646 | Depths:5 | Reached XP level 26. HP: 153/264 MP: 25/25
 79978 | Depths:5 | Received a gift from Okawaru
 80045 | Depths:5 | Found a gateway to a ziggurat.
 80096 | Depths:5 | Noticed an ancient lich
 80106 | Depths:4 | Killed an ancient lich
 80440 | Depths:5 | Noticed Jory
 80455 | Depths:5 | Killed Jory
 80493 | Depths:5 | Found a gate to the Realm of Zot.
 80751 | Depths:5 | Reached skill level 27 in Fighting
 80909 | Depths:5 | Identified the Handbook of Darkness
 80936 | Depths:5 | Received a gift from Okawaru
 81499 | Depths:5 | Identified a scroll of acquirement
 82121 | Lair:1   | Got a heavily runed tin amulet
 82122 | Lair:1   | Identified the amulet "Yvuov" {Faith Str+4 SInv} (You
                  | acquired it on level 1 of the Lair of Beasts)
 82488 | Zot:1    | Entered Level 1 of the Realm of Zot
 82848 | Zot:1    | HP: 12/266 [red draconian/searing blast (11)]
 84018 | Zot:1    | You fall through a shaft!
 84408 | Zot:2    | Reached skill level 27 in Long Blades
 85343 | Depths:4 | Voluntarily entered the Abyss.
 85544 | Abyss:1  | Reached XP level 27. HP: 254/273 MP: 25/25
 85714 | Abyss:1  | Received a gift from Okawaru
 85774 | Depths:4 | Escaped the Abyss
 85981 | Depths:4 | Voluntarily entered the Abyss.
 86440 | Depths:4 | Escaped the Abyss
 86737 | Depths:4 | Voluntarily entered the Abyss.
 86772 | Abyss:1  | Found a corrupted altar of Lugonu.
 86816 | Abyss:1  | Found a snail-covered altar of Cheibriados.
 86851 | Abyss:1  | Found a corrupted altar of Lugonu.
 86959 | Abyss:1  | Found a sacrificial altar of Ru.
 86968 | Abyss:1  | Lost intelligence.
 87010 | Abyss:1  | Paralysed by you for 7 turns
 87091 | Abyss:1  | Found a corrupted altar of Lugonu.
 87141 | Abyss:1  | Paralysed by accursed screaming for 1 turns
 87152 | Abyss:1  | Paralysed by accursed screaming for 2 turns
 87156 | Abyss:1  | Paralysed by accursed screaming for 1 turns
 87161 | Abyss:1  | HP: 13/268 [starcursed mass (7)]
 87165 | Abyss:1  | HP: 2/268 [starcursed mass/accursed screaming (6)]
 87166 | Depths:4 | Escaped the Abyss
 88010 | Slime:1  | Entered Level 1 of the Pits of Slime
 88023 | Slime:1  | Received a gift from Okawaru
 88127 | Slime:3  | Reached skill level 27 in Armour
 88230 | Slime:4  | Gained mutation: Your magical capacity is low. (-10% MP) [a
                  | shining eye]
 88240 | Slime:4  | Reached skill level 1 in Unarmed Combat
 88247 | Slime:4  | Reached skill level 1 in Throwing
 88247 | Slime:4  | Reached skill level 5 in Invocations
 88275 | Slime:4  | Received a gift from Okawaru
 88282 | Slime:4  | Reached skill level 1 in Spellcasting
 88494 | Slime:5  | Entered Level 5 of the Pits of Slime
 88526 | Slime:4  | Gained mutation: You are frail. (-10% HP) [a shining eye]
 88889 | Slime:5  | Noticed the Royal Jelly
 88904 | Slime:5  | Found a viscous altar of Jiyva.
 88914 | Slime:5  | Killed the Royal Jelly
 88981 | Slime:5  | Got a slimy rune of Zot
 89051 | Slime:5  | Got an ancient turquoise ring
 89075 | Slime:5  | Identified the ring "Kescheh" {rPois rN++ Dex+4 Slay-6}
                  | (You found it on level 5 of the Pits of Slime)
 89099 | Slime:5  | Got a shimmering glaive
 89372 | Lair:1   | Identified the +1 glaive of Gallantry {holy, rElec rPois}
                  | (You found it on level 5 of the Pits of Slime)
 89383 | Lair:1   | Got a pitted golden ring
 89384 | Lair:1   | Identified the ring "Tirchieg" {+Fly Dex+3} (You acquired
                  | it on level 1 of the Lair of Beasts)
 89405 | Lair:1   | Got a faintly glowing brass ring
 89406 | Lair:1   | Identified the ring of Rode {*Drain +Fly rF+++ MP+9 Int-3}
                  | (You acquired it on level 1 of the Lair of Beasts)
 89411 | Lair:1   | Identified a +0 pair of boots of running (You found it on
                  | level 5 of the Pits of Slime)
 89515 | Lair:1   | Lost mutation: You are frail. (-10% HP) [potion of
                  | mutation]
 89515 | Lair:1   | Lost mutation: Your magical capacity is low. (-10% MP)
                  | [potion of mutation]
 89515 | Lair:1   | Gained mutation: You are robust. (+10% HP) [potion of
                  | mutation]
 89515 | Lair:1   | Gained mutation: Your movements are slightly less
                  | encumbered by armour. (ER -2) [potion of mutation]
 91037 | Zig:1    | Entered Level 1 of a ziggurat
 91061 | Zig:2    | Entered Level 2 of a ziggurat
 91490 | Zig:3    | Entered Level 3 of a ziggurat
 91541 | Zig:3    | Reached skill level 1 in Necromancy
 91648 | Zig:4    | Entered Level 4 of a ziggurat
 91650 | Zig:4    | Noticed a greater mummy
 91663 | Zig:4    | Killed a greater mummy
 91737 | Zig:5    | Entered Level 5 of a ziggurat
 91753 | Zig:5    | Reached skill level 5 in Stealth
 91901 | Zig:6    | Entered Level 6 of a ziggurat
 91905 | Zig:6    | Noticed an ancient lich
 91929 | Zig:6    | Reached skill level 10 in Invocations
 91938 | Zig:6    | Killed an ancient lich
 91958 | Zig:6    | Got a twitching iron ring
 91959 | Zig:6    | Identified the ring of Miracles {rCorr +Fly rF+ rN+ Int+4}
                  | (You found it on level 6 of a ziggurat)
 92043 | Zig:7    | Entered Level 7 of a ziggurat
 92071 | Zig:7    | Received a gift from Okawaru
 92146 | Zig:7    | Got an ancient halberd
 92308 | Zig:8    | Entered Level 8 of a ziggurat
 92317 | Zig:8    | Found the +8 longbow "Zephyr" {speed, Dex+3 SInv}
 92763 | Zig:9    | Entered Level 9 of a ziggurat
 92776 | Zig:9    | Noticed a juggernaut
 92800 | Zig:9    | Killed a juggernaut
 92829 | Zig:9    | HP: 2/299 [orc warlord/+4 great mace of draining (44)]
 92836 | Zig:9    | HP: 12/300 [orc high priest/divine providence (12)]
 92840 | Zig:9    | HP: 4/300 [stone giant/large rock (14)]
 92931 | Zig:9    | Got a vibrating brass ring
 92936 | Zig:9    | Got a coiled lapis lazuli ring
 93334 | Zig:9    | Identified the ring of Bosiwanu {*Slow rF+ MR+ Int-4 Dex+7}
                  | (You found it on level 9 of a ziggurat)
 93337 | Zig:9    | Identified the +5 halberd of Departure {venom, rF+ Str+4
                  | Dex-3} (You found it on level 7 of a ziggurat)
 93340 | Zig:9    | Identified the cursed ring "Jaluvoas" {rF+ Int-3} (You
                  | found it on level 9 of a ziggurat)
 93362 | Zig:10   | Entered Level 10 of a ziggurat
 93444 | Zig:10   | Lost intelligence.
 93445 | Zig:10   | Found the ring of Shadows {Umbra +Inv Stlth+}
 93464 | Zig:10   | Slain by an azure jelly

Skill      XL: |  1  2  3  4  5  6  7  8  9 10 11 12 13 14 15 16 17 18 19 20 21 22 23 24 25 26 27 |
---------------+----------------------------------------------------------------------------------+-----
Armour         | 4 5 6 7 8 9 11 12 13 14 15 17 18 19 20 21 22 23 25 27 | 27.0
Shields        | 4 5 6 8 9 10 11 13 14 16 17 18 19 21 22 24 25 26 27 | 27.0
Long Blades    | 3 4 5 6 8 11 12 13 14 15 16 17 18 19 20 21 22 23 24 25 27 | 27.0
Fighting       | 4 5 6 7 9 10 12 13 15 16 17 18 19 20 21 22 23 24 26 27 | 27.0
Invocations    | 1 2 3 4 12 | 12.7
Stealth        | 1 2 3 5 |  5.3
Dodging        | 1 2 4 |  4.5
Axes           | 2 |  2.2
Evocations     | 2 4 |  4.5
Unarmed Combat | 3 |  3.6
Throwing       | 3 |  3.4
Spellcasting   | 2 |  2.2
Necromancy     | 1 |  1.5

Action                   |  1- 3 |  4- 6 |  7- 9 | 10-12 | 13-15 | 16-18 | 19-21 | 22-24 | 25-27 || total
-------------------------+-------+-------+-------+-------+-------+-------+-------+-------+-------++-------
Melee: Long sword        |   131 |   152 |   367 |     6 |       |       |       |       |       ||   656
       Headbutt          |    13 |    37 |    65 |   244 |   380 |   474 |   379 |   723 |   850 ||  3165
       Falchion          |       |       |       |   892 |       |       |       |       |   394 ||  1286
       Demon blade       |       |       |       |   140 |  1182 |       |       |       |       ||  1322
       Hand axe          |       |       |       |     7 |    26 |       |       |       |       ||    33
       Scimitar          |       |       |       |       |   118 |  1582 |  1259 |  1766 |  1634 ||  6359
Invok: Heroism           |       |       |     5 |    13 |     3 |     3 |     6 |     7 |    13 ||    50
       Finesse           |       |       |       |       |     1 |     2 |       |     2 |     9 ||    14
 Abil: Stop Flying       |       |       |       |       |       |       |       |       |     1 ||     1
       Evoke Flight      |       |       |       |       |       |       |       |       |     1 ||     1
Evoke: Wand              |       |       |       |       |     5 |     4 |    12 |     3 |     5 ||    29
  Use: Scroll            |       |       |    19 |     6 |    14 |     8 |     7 |    22 |    33 ||   109
       Potion            |       |       |     1 |     3 |       |     4 |     1 |     7 |    23 ||    39
 Stab: Confused          |       |       |       |     1 |       |     2 |       |       |       ||     3
       Petrified         |       |       |       |       |     9 |       |       |       |       ||     9
       Distracted        |       |       |       |       |     1 |       |       |       |       ||     1
  Eat: Chunk             |     2 |     4 |    14 |    20 |    37 |    29 |    34 |    21 |    26 ||   187
       Ration            |       |       |       |     3 |     2 |     7 |     2 |    12 |    11 ||    37
Armor: Chain mail        |   110 |       |       |       |       |       |       |       |       ||   110
       Scale mail        |     2 |       |       |       |       |       |       |       |       ||     2
       Crystal plate arm |       |   107 |   181 |   452 |   364 |   904 |   285 |   934 |  1030 ||  4257
       Plate armour      |       |       |       |       |   262 |       |       |       |       ||   262
Dodge: Dodged            |    28 |     5 |    35 |   197 |   269 |   548 |   164 |   388 |   522 ||  2156
Block: Shield            |    75 |   102 |   143 |       |       |  1031 |  1149 |  1930 |  1915 ||  6345
       Buckler           |       |       |    21 |   468 |   717 |   504 |       |       |       ||  1710
       Reflection        |       |       |       |       |       |       |       |    55 |    78 ||   133
       Rpst.: Long sword |     8 |     3 |    13 |       |       |       |       |       |       ||    24
       Falchion          |       |       |       |    39 |       |       |       |       |    65 ||   104
       Demon blade       |       |       |       |    13 |    68 |       |       |       |       ||    81
       Scimitar          |       |       |       |       |     5 |    88 |    37 |    80 |   125 ||   335
